 Dungeon Crawl Stone Soup version 0.28.0-61-g67df4f89a8 (webtiles) character file.

Game seed: 16353302471274207221

35 NotaViper the Protected (level 3, 0/38 HPs)
             Began as a Gnoll Wanderer on Feb 13, 2023.
             Was an Initiate of Ru.
             Slain by a kobold
             ... wielding a +4 short sword
              (3 damage)
             ... on level 2 of the Dungeon.
             The game lasted 00:06:39 (997 turns).

NotaViper the Protected (Gnoll Wanderer)             Turns: 997, Time: 00:06:40

Health: 0/38       AC: 11    Str: 12    XL:     3   Next: 35%
Magic:  4/4        EV:  6    Int: 12    God:    Ru [......]
Gold:   83         SH:  0    Dex: 11    Spells: 3/3 levels left

rFire   . . .      SeeInvis .   g - +0 club
rCold   . . .      Faith    .   (no shield)
rNeg    . . .      Spirit   .   b - +0 chain mail
rPois   .          Reflect  .   (no helmet)
rElec   .          Harm     .   (no cloak)
rCorr   .          Rampage  .   (no gloves)
Will    .....                   (no boots)
Stlth   ..........              (no amulet)
HPRegen 0.12/turn               (no ring)
MPRegen 0.09/turn               (no ring)

@: no status effects
A: fangs 1, missing an eye, strong nose, distributed training
a: Renounce Religion


You were on level 2 of the Dungeon.
You worshipped Ru.
Ru was noncommittal.
You visited 1 branch of the dungeon, and saw 2 of its levels.

You collected 83 gold pieces.

Inventory:

Hand Weapons
 a - a +1 hunting sling
 g - a +0 club (weapon)
Missiles
 c - 13 sling bullets
 e - 22 arrows
 f - 27 stones
Armour
 b - a +0 chain mail (worn)
Potions
 d - a potion of lignification {unknown}
 h - a potion of curing {unknown}


   Skills:
 + Level 8.5 Fighting
 + Level 0.7 Short Blades
 + Level 0.7 Long Blades
 + Level 0.7 Axes
 + Level 0.7 Maces & Flails
 + Level 0.7 Polearms
 + Level 0.7 Staves
 + Level 2.6 Slings
 + Level 0.7 Bows
 + Level 0.7 Crossbows
 + Level 0.7 Throwing
 + Level 8.5 Armour
 + Level 0.7 Dodging
 + Level 0.7 Stealth
 + Level 0.7 Shields
 + Level 0.7 Unarmed Combat
 + Level 0.7 Spellcasting
 + Level 0.5 Conjurations
 + Level 0.5 Hexes
 + Level 0.5 Summonings
 + Level 0.5 Necromancy
 + Level 0.5 Translocations
 + Level 0.5 Transmutations
 + Level 0.5 Fire Magic
 + Level 0.5 Ice Magic
 + Level 0.5 Air Magic
 + Level 0.5 Earth Magic
 + Level 0.5 Poison Magic
 + Level 0.9 Invocations
 + Level 2.6 Evocations


You had 3 spell levels left.
You didn't know any spells.
Your spell library was empty.

Dungeon Overview and Level Annotations

Branches:
Dungeon (2/15)

Altars:
Ru


Innate Abilities, Weirdness & Mutations

You have very sharp teeth.
You are missing an eye, making it more difficult to aim.
Your uncanny sense of smell can sniff out nearby items.
Your experience applies equally to all skills.


Message History

The goblin barely misses you. The kobold hits you but does no damage.
You barely miss the goblin. The goblin hits you but does no damage.
The kobold hits you but does no damage.
You closely miss the goblin. The goblin barely misses you.
The kobold closely misses you.
You hit the goblin.
The goblin is heavily wounded.
The goblin hits you but does no damage.
The kobold hits you with a +4 short sword.
The goblin hits you but does no damage.
You miss the goblin.
The goblin is heavily wounded.
The kobold hits you with a +4 short sword.
The goblin hits you but does no damage. The kobold barely misses you.
You hit the goblin.
You kill the goblin!
The kobold hits you with a +4 short sword.
The kobold hits you with a +4 short sword.
Things that are here:
a +0 club; a goblin corpse You barely miss the kobold.
The kobold hits you with a +4 short sword.
You closely miss the kobold.
The kobold hits you with a +4 short sword.
You miss the kobold. Your bite misses the kobold.
The kobold hits you but does no damage.
The kobold hits you with a +4 short sword.
* * * LOW HITPOINT WARNING * * *
You miss the kobold.
The kobold hits you with a +4 short sword.
* * * LOW HITPOINT WARNING * * *
You hit the kobold.
The kobold is severely wounded.
The kobold hits you with a +4 short sword.
* * * LOW HITPOINT WARNING * * *
You barely miss the kobold.
The kobold is severely wounded.
The kobold hits you but does no damage.
The kobold hits you with a +4 short sword.
You die...

#.##.. #... #.####
#.. ..... #..... #..
.... #####. #..
...########. #.#
#.#....#.... #.#
#.#.##.#)###
####.###.#....#......
#...@K.(.#.#..#.#.###
#....#####........#
#...............###
#....#####....#.#
####.# ###.##.# #.#
#....# #.# ###### #.#
#.#


You could see a kobold.

Vanquished Creatures
  A dart slug (D:1)
  4 bats (D:1)
  4 endoplasms (D:1)
  3 goblins
  4 hobgoblins
  5 kobolds (D:1)
  2 ball pythons
  A frilled lizard (D:1)
  7 rats (D:1)
31 creatures vanquished.

Notes
Turn   | Place    | Note
-------+----------+-------------------------------------------
     0 | D:1      | NotaViper the Gnoll Wanderer began the quest for the Orb.
     0 | D:1      | NotaViper set off with the following items: a +1 hunting
                  | sling, a +0 chain mail, 19 sling bullets
     0 | D:1      | Reached XP level 1. HP: 26/26 MP: 1/1
    87 | D:1      | Reached XP level 2. HP: 33/33 MP: 2/2
   263 | D:1      | Found a faded altar of an unknown god.
   271 | D:1      | Prayed at the altar of an unknown god.
   271 | D:1      | Became a worshipper of Ru the Awakened
   319 | D:1      | Gained mutation: You are missing an eye, making it more
                  | difficult to aim. [Ru sacrifice]
   534 | D:1      | Reached XP level 3. HP: 38/38 MP: 3/3
   997 | D:2      | Slain by a kobold

Illustrated notes

Levels and vault maps discovered:
D:1:      dpeg_arrival_tiny_e, layout_loops_ring,
          ebering_ecumenical_altar_ruins, minivault_14
D:2:      layout_basic

Action                   || total
-------------------------++-------
Melee: Club              ||    40
       Bite              ||     2
 Fire: Hunting sling     ||    50
Invok: Sacrifice an Eye  ||     1
Armor: Chain mail        ||    36
Dodge: Dodged            ||    16
